[ AOE2 MATCH · #473486988 ]
UnrankedMongols vs Vikings
[ REPLAY ANALYSIS · EXTRACTED FROM THE RECORDED GAME ]
Feudal
10:32
Castle
14:06
Imperial
30:32
| APM avg | 28.3 |
| APM peak | 63 |
| eAPM avg | 13.6 |
| Villagers / military | 87 / 36 |
Focus
⚔️ 29.8% · 🌾 70.2%
Mangudai ×36
Feudal
10:31
Castle
14:01
Imperial
25:44
| APM avg | 50.9 |
| APM peak | 85 |
| eAPM avg | 25.7 |
| Villagers / military | 135 / 89 |
Focus
⚔️ 43.6% · 🌾 56.4%
Archer ×79 · Trebuchet (Packed) ×10
Feudal
10:56
Castle
14:29
Imperial
28:20
| APM avg | 45.8 |
| APM peak | 85 |
| eAPM avg | 31.2 |
| Villagers / military | 173 / 34 |
Focus
⚔️ 31.1% · 🌾 68.9%
Leitis ×14 · Trebuchet (Packed) ×7 · Bombard Cannon ×5 · Hand Cannoneer ×4 · Monk ×2 · Knight ×2
Feudal
10:32
Castle
14:04
Imperial
27:45
| APM avg | 47.0 |
| APM peak | 81 |
| eAPM avg | 26.7 |
| Villagers / military | 166 / 92 |
Focus
⚔️ 41.5% · 🌾 58.5%
Spearman ×77 · Battering Ram ×14 · Mangonel ×1
Feudal
11:54
Castle
15:33
Imperial
29:51
| APM avg | 43.5 |
| APM peak | 92 |
| eAPM avg | 25.4 |
| Villagers / military | 162 / 108 |
Focus
⚔️ 26.3% · 🌾 73.7%
Skirmisher ×91 · Spearman ×16 · Mangonel ×1
Feudal
10:31
Castle
14:03
Imperial
28:47
| APM avg | 39.3 |
| APM peak | 65 |
| eAPM avg | 23.7 |
| Villagers / military | 112 / 55 |
Focus
⚔️ 27.5% · 🌾 72.5%
Elephant Archer ×46 · Scout Cavalry ×5 · Monk ×4
Feudal
10:19
Castle
13:52
Imperial
28:21
| APM avg | 39.2 |
| APM peak | 79 |
| eAPM avg | 23.0 |
| Villagers / military | 129 / 55 |
Focus
⚔️ 17.2% · 🌾 82.8%
Spearman ×51 · Mangonel ×2 · Battering Ram ×1 · Trebuchet (Packed) ×1
Feudal
10:06
Castle
14:05
Imperial
27:20
| APM avg | 34.8 |
| APM peak | 67 |
| eAPM avg | 21.3 |
| Villagers / military | 133 / 61 |
Focus
⚔️ 24.5% · 🌾 75.5%
Knight ×55 · Monk ×5 · Camel Scout ×1
Match map
Initial resources + every placement click. Lines = walls · curves = elevation contours. ◆ gold · ⬟ stone · ● berries · ✦ relic · ◌ wall gap
Your base· ✓ Closed at 14:06 · 0t walls · 2 gate(s)
Jan Itor's base· ✓ Closed at 14:01 · 15t walls · 3 gate(s)
PUB | Noszombie's base· ✓ Closed at 14:29 · 0t walls · 2 gate(s)
TeTo's base· ✓ Closed at 14:04 · 2t walls · 5 gate(s)
Nick's base· ✓ Closed at 15:33 · 0t walls · 2 gate(s)
Hellsum's base· ✓ Closed at 14:03 · 0t walls · 2 gate(s)
Fresh To Death's base· ✓ Closed at 13:52 · 12t walls · 2 gate(s)
天崩地裂's base· ✓ Closed at 14:05 · 0t walls · 2 gate(s)
Smoothed initial terrain · ◌ = detected wall gap · hover for details
Inputs per minute
— 让让萌新 - - Jan Itor
Build order — 让让萌新
First 150 of 184 actions detected
| 0:02 | Create | Villager (Male) ×4 |
| 0:02 | Research | Loom |
| 0:04 | Build | House |
| 0:06 | Build | House |
| 1:19 | Create | Villager (Male) |
| 1:53 | Create | Villager (Male) |
| 1:53 | Create | Villager (Male) |
| 2:25 | Create | Villager (Male) |
| 2:25 | Create | Villager (Male) |
| 2:28 | Build | Lumber Camp |
| 2:42 | Create | Villager (Male) |
| 2:42 | Create | Villager (Male) |
| 2:58 | Create | Villager (Male) |
| 2:58 | Create | Villager (Male) |
| 2:58 | Create | Villager (Male) |
| 3:25 | Create | Villager (Male) |
| 3:25 | Create | Villager (Male) |
| 3:25 | Create | Villager (Male) |
| 3:41 | Build | House |
| 3:42 | Build | House |
| 3:56 | Create | Villager (Male) |
| 4:07 | Create | Villager (Male) |
| 4:08 | Create | Villager (Male) |
| 4:35 | Create | Villager (Male) |
| 4:38 | Create | Villager (Male) |
| 4:38 | Create | Villager (Male) |
| 4:54 | Create | Villager (Male) |
| 4:55 | Create | Villager (Male) |
| 4:55 | Create | Villager (Male) |
| 5:17 | Create | Villager (Male) |
| 5:32 | Build | Mill |
| 5:54 | Create | Villager (Male) |
| 5:54 | Create | Villager (Male) |
| 6:06 | Build | Mill |
| 6:41 | Create | Villager (Male) |
| 7:14 | Build | House |
| 7:15 | Build | House |
| 7:17 | Build | Mining Camp |
| 7:54 | Research | Feudal Age |
| 8:01 | Build | Mining Camp |
| 9:44 | Create | Villager (Male) |
| 9:44 | Create | Villager (Male) |
| 10:32 | Age | Feudal Age |
| 10:32 | Research | Loom |
| 10:34 | Create | Villager (Male) |
| 10:37 | Build | Market |
| 10:43 | Build | Blacksmith |
| 11:27 | Research | Castle Age |
| 11:27 | Research | Castle Age |
| 12:02 | Research | Double-Bit Axe |
| 12:41 | Research | Stone Mining |
| 13:21 | Research | Horse Collar |
| 13:22 | Create | Villager (Male) |
| 13:51 | Build | Farm |
| 13:55 | Build | Farm |
| 14:02 | Create | Villager (Male) |
| 14:06 | Age | Castle Age |
| 14:15 | Build | Castle |
| 14:18 | Build | Farm |
| 14:38 | Build | Farm |
| 14:57 | Create | Villager (Male) |
| 14:57 | Create | Villager (Male) |
| 15:02 | Build | Farm |
| 15:07 | Build | Farm |
| 15:13 | Build | Farm |
| 15:16 | Build | Farm |
| 15:18 | Build | Farm |
| 15:22 | Create | Villager (Male) |
| 15:54 | Create | Villager (Male) |
| 15:54 | Create | Villager (Male) |
| 16:00 | Create | Mangudai |
| 16:06 | Build | Farm |
| 16:16 | Create | Villager (Male) |
| 16:19 | Create | Mangudai |
| 16:44 | Create | Villager (Male) |
| 16:49 | Create | Mangudai |
| 17:05 | Create | Mangudai |
| 17:07 | Create | Villager (Male) |
| 17:11 | Research | Loom |
| 17:25 | Research | Fletching |
| 17:42 | Create | Mangudai |
| 17:57 | Create | Villager (Male) |
| 18:10 | Build | Castle |
| 18:17 | Create | Villager (Male) |
| 18:18 | Create | Mangudai |
| 18:32 | Create | Villager (Male) |
| 18:55 | Create | Mangudai |
| 19:00 | Create | Villager (Male) |
| 19:12 | Create | Villager (Male) |
| 19:15 | Build | Town Center |
| 19:21 | Create | Mangudai |
| 19:22 | Create | Villager (Male) |
| 19:34 | Research | Town Watch |
| 19:40 | Create | Villager (Male) |
| 19:52 | Create | Mangudai |
| 20:16 | Create | Villager (Male) |
| 20:18 | Create | Mangudai |
| 20:26 | Build | Farm |
| 20:27 | Build | Farm |
| 20:41 | Create | Villager (Male) |
| 20:53 | Create | Mangudai |
| 20:54 | Create | Mangudai |
| 20:57 | Create | Villager (Male) |
| 21:22 | Create | Mangudai |
| 21:35 | Create | Villager (Male) |
| 21:36 | Create | Villager (Male) |
| 21:41 | Build | Farm |
| 21:47 | Create | Mangudai |
| 21:48 | Create | Villager (Male) |
| 21:49 | Create | Villager (Male) |
| 21:53 | Build | Farm |
| 22:04 | Create | Mangudai |
| 22:13 | Research | Wheelbarrow |
| 22:22 | Build | House |
| 22:35 | Build | Outpost |
| 22:45 | Create | Mangudai |
| 22:46 | Create | Villager (Male) |
| 22:47 | Create | Villager (Male) |
| 23:01 | Create | Villager (Male) |
| 23:02 | Create | Villager (Male) |
| 23:05 | Build | Farm |
| 23:11 | Create | Mangudai |
| 23:18 | Create | Mangudai |
| 23:42 | Create | Villager (Male) |
| 23:43 | Create | Villager (Male) |
| 23:47 | Build | Farm |
| 23:48 | Build | Farm |
| 23:51 | Build | House |
| 23:52 | Build | House |
| 23:56 | Create | Villager (Male) |
| 23:57 | Create | Villager (Male) |
| 24:10 | Build | Outpost |
| 24:14 | Create | Villager (Male) |
| 24:15 | Create | Villager (Male) |
| 24:20 | Build | Farm |
| 24:36 | Create | Villager (Male) |
| 24:37 | Create | Villager (Male) |
| 25:01 | Build | Mining Camp |
| 25:06 | Create | Mangudai |
| 25:06 | Create | Mangudai |
| 25:08 | Create | Mangudai |
| 25:25 | Create | Villager (Male) |
| 25:26 | Create | Villager (Male) |
| 25:57 | Create | Villager (Male) |
| 25:58 | Create | Villager (Male) |
| 26:01 | Create | Mangudai |
| 26:02 | Create | Mangudai |
| 26:17 | Create | Villager (Male) |
| 26:18 | Create | Villager (Male) |
| 26:21 | Build | Lumber Camp |
Build order — Jan Itor
First 150 of 358 actions detected
| 0:00 | Create | Villager (Male) |
| 0:01 | Create | Villager (Male) |
| 0:01 | Create | Villager (Male) |
| 0:02 | Build | House |
| 0:02 | Build | House |
| 0:40 | Create | Villager (Male) |
| 1:23 | Create | Villager (Male) |
| 1:23 | Create | Villager (Male) |
| 1:45 | Build | Lumber Camp |
| 2:02 | Create | Villager (Male) |
| 2:23 | Create | Villager (Male) |
| 2:23 | Create | Villager (Male) |
| 2:52 | Create | Villager (Male) |
| 2:52 | Create | Villager (Male) |
| 3:26 | Build | House |
| 3:27 | Build | House |
| 3:28 | Build | House |
| 3:41 | Create | Villager (Male) |
| 3:53 | Create | Villager (Male) |
| 4:12 | Create | Villager (Male) |
| 4:19 | Build | Palisade Wall |
| 4:21 | Build | Palisade Wall |
| 4:23 | Build | Palisade Wall |
| 4:23 | Build | Palisade Wall |
| 4:28 | Build | Palisade Wall |
| 4:29 | Build | Palisade Wall |
| 4:34 | Build | Palisade Wall |
| 4:37 | Build | Palisade Wall |
| 4:40 | Build | Palisade Wall |
| 4:42 | Build | Palisade Wall |
| 4:45 | Build | Palisade Wall |
| 4:50 | Build | Palisade Wall |
| 4:50 | Create | Villager (Male) |
| 4:53 | Build | Palisade Wall |
| 4:58 | Build | Palisade Wall |
| 5:00 | Create | Villager (Male) |
| 5:04 | Build | Palisade Gate |
| 5:06 | Build | Palisade Wall |
| 5:12 | Build | Mill |
| 5:39 | Create | Villager (Male) |
| 5:55 | Create | Villager (Male) |
| 6:26 | Create | Villager (Male) |
| 6:32 | Create | Villager (Male) |
| 7:15 | Create | Villager (Male) |
| 7:53 | Create | Villager (Male) |
| 7:59 | Build | Mining Camp |
| 8:19 | Research | Feudal Age |
| 9:11 | Create | Villager (Male) |
| 9:13 | Build | Farm |
| 9:20 | Build | Farm |
| 9:27 | Build | Farm |
| 10:31 | Age | Feudal Age |
| 10:33 | Build | Market |
| 10:34 | Build | Blacksmith |
| 10:51 | Create | Villager (Male) |
| 11:22 | Research | Castle Age |
| 11:22 | Research | Castle Age |
| 11:22 | Research | Castle Age |
| 11:52 | Research | Double-Bit Axe |
| 12:18 | Research | Horse Collar |
| 12:53 | Build | Farm |
| 12:55 | Build | Farm |
| 12:56 | Create | Villager (Male) |
| 13:25 | Build | House |
| 14:01 | Age | Castle Age |
| 14:03 | Build | Town Center |
| 14:05 | Build | Town Center |
| 14:21 | Create | Villager (Male) |
| 14:40 | Research | Heavy Plow |
| 14:40 | Research | Heavy Plow |
| 14:48 | Create | Villager (Male) |
| 15:12 | Research | Bow Saw |
| 15:14 | Create | Villager (Male) |
| 15:20 | Create | Villager (Male) |
| 15:24 | Build | Farm |
| 15:40 | Build | Farm |
| 15:47 | Create | Villager (Male) |
| 15:50 | Build | House |
| 15:59 | Create | Villager (Male) |
| 16:01 | Build | Farm |
| 16:04 | Create | Villager (Male) |
| 16:07 | Create | Villager (Male) |
| 16:15 | Create | Villager (Male) |
| 16:17 | Build | Farm |
| 16:19 | Create | Villager (Male) |
| 16:21 | Build | Farm |
| 16:27 | Build | House |
| 16:35 | Build | Farm |
| 16:37 | Build | Farm |
| 16:40 | Create | Villager (Male) |
| 16:46 | Build | Farm |
| 16:50 | Create | Villager (Male) |
| 16:52 | Build | Farm |
| 16:59 | Build | Farm |
| 17:12 | Create | Villager (Male) |
| 17:14 | Create | Villager (Male) |
| 17:15 | Build | Farm |
| 17:16 | Build | Farm |
| 17:29 | Build | Farm |
| 17:34 | Create | Villager (Male) |
| 17:35 | Create | Villager (Male) |
| 17:36 | Build | Farm |
| 17:38 | Build | Farm |
| 17:40 | Create | Villager (Male) |
| 17:45 | Build | Farm |
| 17:46 | Create | Villager (Male) |
| 17:46 | Create | Villager (Male) |
| 17:57 | Create | Villager (Male) |
| 18:00 | Build | Farm |
| 18:04 | Create | Villager (Male) |
| 18:05 | Build | Farm |
| 18:17 | Create | Villager (Male) |
| 18:20 | Build | Farm |
| 18:22 | Build | Farm |
| 18:24 | Create | Villager (Male) |
| 18:28 | Create | Villager (Male) |
| 18:35 | Build | Farm |
| 18:37 | Build | Farm |
| 18:39 | Create | Villager (Male) |
| 18:40 | Build | Farm |
| 18:45 | Create | Villager (Male) |
| 18:51 | Create | Villager (Male) |
| 18:54 | Build | House |
| 18:58 | Build | Farm |
| 18:59 | Create | Villager (Male) |
| 19:08 | Create | Villager (Male) |
| 19:16 | Create | Villager (Male) |
| 19:18 | Build | House |
| 19:19 | Create | Villager (Male) |
| 19:23 | Build | House |
| 19:26 | Research | Gold Mining |
| 19:31 | Build | Farm |
| 19:39 | Create | Villager (Male) |
| 19:42 | Build | House |
| 19:45 | Create | Villager (Male) |
| 19:46 | Create | Villager (Male) |
| 19:50 | Build | Monastery |
| 19:54 | Create | Villager (Male) |
| 20:00 | Create | Villager (Male) |
| 20:10 | Create | Villager (Male) |
| 20:16 | Create | Villager (Male) |
| 20:18 | Create | Villager (Male) |
| 20:21 | Build | Mill |
| 20:22 | Build | Farm |
| 20:22 | Build | Farm |
| 20:22 | Build | Farm |
| 20:22 | Build | Farm |
| 20:22 | Build | Farm |
| 20:26 | Build | Farm |
| 20:30 | Create | Villager (Male) |
Build order — PUB | Noszombie
First 150 of 381 actions detected
| 0:01 | Create | Villager (Male) |
| 0:02 | Create | Villager (Male) |
| 0:02 | Create | Villager (Male) |
| 0:03 | Build | House |
| 0:04 | Build | House |
| 0:05 | Create | Villager (Male) |
| 0:10 | Create | Villager (Male) |
| 0:22 | Create | Villager (Male) |
| 1:30 | Create | Villager (Male) |
| 1:53 | Create | Villager (Male) |
| 2:12 | Build | Lumber Camp |
| 2:22 | Create | Villager (Male) |
| 2:33 | Create | Villager (Male) |
| 2:55 | Create | Villager (Male) |
| 3:14 | Create | Villager (Male) |
| 3:14 | Create | Villager (Male) |
| 3:54 | Build | House |
| 3:57 | Build | House |
| 3:57 | Build | House |
| 4:04 | Create | Villager (Male) |
| 4:08 | Create | Villager (Male) |
| 4:38 | Create | Villager (Male) |
| 5:09 | Build | Mill |
| 5:11 | Create | Villager (Male) |
| 5:14 | Create | Villager (Male) |
| 5:29 | Create | Villager (Male) |
| 5:41 | Create | Villager (Male) |
| 6:09 | Create | Villager (Male) |
| 6:32 | Create | Villager (Male) |
| 6:39 | Create | Villager (Male) |
| 6:56 | Create | Villager (Male) |
| 7:08 | Create | Villager (Male) |
| 7:21 | Create | Villager (Male) |
| 7:58 | Build | Mining Camp |
| 7:59 | Create | Villager (Male) |
| 8:10 | Create | Villager (Male) |
| 8:17 | Create | Villager (Male) |
| 8:36 | Research | Feudal Age |
| 8:38 | Build | Farm |
| 8:41 | Build | Farm |
| 9:08 | Build | Farm |
| 9:19 | Create | Villager (Male) |
| 9:19 | Create | Villager (Male) |
| 10:56 | Age | Feudal Age |
| 10:58 | Build | Blacksmith |
| 11:01 | Build | Market |
| 11:33 | Research | Double-Bit Axe |
| 11:49 | Research | Castle Age |
| 12:20 | Research | Horse Collar |
| 12:20 | Research | Horse Collar |
| 13:14 | Create | Villager (Male) |
| 13:19 | Build | House |
| 13:51 | Build | Farm |
| 13:59 | Build | Farm |
| 14:17 | Create | Villager (Male) |
| 14:29 | Age | Castle Age |
| 14:30 | Research | Heavy Plow |
| 14:31 | Research | Heavy Plow |
| 14:34 | Build | Town Center |
| 14:35 | Create | Villager (Male) |
| 14:44 | Build | Town Center |
| 14:53 | Create | Villager (Male) |
| 14:56 | Research | Bow Saw |
| 15:03 | Create | Villager (Male) |
| 15:16 | Create | Villager (Male) |
| 15:18 | Build | Farm |
| 15:25 | Build | Farm |
| 15:27 | Create | Villager (Male) |
| 15:30 | Build | Farm |
| 15:35 | Build | Farm |
| 15:54 | Create | Villager (Male) |
| 15:57 | Create | Villager (Male) |
| 15:59 | Create | Villager (Male) |
| 15:59 | Create | Villager (Male) |
| 16:03 | Build | Farm |
| 16:04 | Create | Villager (Male) |
| 16:06 | Build | Farm |
| 16:10 | Create | Villager (Male) |
| 16:18 | Build | Farm |
| 16:22 | Create | Villager (Male) |
| 16:24 | Create | Villager (Male) |
| 16:30 | Build | Farm |
| 16:32 | Create | Villager (Male) |
| 16:41 | Build | Farm |
| 16:46 | Create | Villager (Male) |
| 16:52 | Build | Farm |
| 16:54 | Create | Villager (Male) |
| 17:00 | Build | House |
| 17:05 | Create | Villager (Male) |
| 17:09 | Create | Villager (Male) |
| 17:23 | Build | Monastery |
| 17:28 | Create | Villager (Male) |
| 17:33 | Create | Villager (Male) |
| 17:35 | Build | Farm |
| 17:42 | Build | Farm |
| 17:50 | Build | Farm |
| 17:52 | Create | Villager (Male) |
| 17:57 | Create | Villager (Male) |
| 18:03 | Build | House |
| 18:08 | Create | Villager (Male) |
| 18:12 | Create | Monk |
| 18:15 | Create | Villager (Male) |
| 18:25 | Research | Wheelbarrow |
| 18:30 | Research | Wheelbarrow |
| 18:32 | Create | Villager (Male) |
| 18:33 | Create | Villager (Male) |
| 18:33 | Create | Villager (Male) |
| 18:37 | Create | Villager (Male) |
| 18:44 | Build | Town Center |
| 18:44 | Create | Villager (Male) |
| 18:56 | Create | Villager (Male) |
| 18:56 | Create | Villager (Male) |
| 19:04 | Build | Farm |
| 19:06 | Build | Farm |
| 19:10 | Research | Gold Mining |
| 19:10 | Research | Gold Mining |
| 19:15 | Create | Villager (Male) |
| 19:15 | Create | Villager (Male) |
| 19:24 | Create | Villager (Male) |
| 19:37 | Create | Villager (Male) |
| 19:38 | Create | Villager (Male) |
| 19:38 | Create | Monk |
| 19:42 | Build | House |
| 19:45 | Build | House |
| 20:00 | Create | Villager (Male) |
| 20:05 | Create | Villager (Male) |
| 20:06 | Create | Villager (Male) |
| 20:06 | Create | Villager (Male) |
| 20:18 | Create | Villager (Male) |
| 20:20 | Create | Villager (Male) |
| 20:21 | Research | Stone Mining |
| 20:27 | Build | Farm |
| 20:29 | Build | Farm |
| 20:31 | Create | Villager (Male) |
| 20:33 | Build | Farm |
| 20:35 | Build | Farm |
| 20:36 | Build | Farm |
| 20:37 | Create | Villager (Male) |
| 20:41 | Build | House |
| 20:43 | Build | House |
| 20:43 | Build | House |
| 20:44 | Build | House |
| 20:45 | Research | Loom |
| 21:05 | Research | Town Watch |
| 21:06 | Create | Villager (Male) |
| 21:06 | Create | Villager (Male) |
| 21:09 | Create | Villager (Male) |
| 21:14 | Create | Villager (Male) |
| 21:19 | Create | Villager (Male) |
| 21:26 | Build | Town Center |
Build order — TeTo
First 150 of 401 actions detected
| 0:01 | Create | Villager (Male) ×4 |
| 0:02 | Create | Villager (Male) ×4 |
| 0:03 | Build | House |
| 0:04 | Build | House |
| 1:25 | Create | Villager (Male) |
| 1:25 | Create | Villager (Male) |
| 1:54 | Build | Lumber Camp |
| 1:56 | Create | Villager (Male) |
| 1:56 | Create | Villager (Male) |
| 2:23 | Create | Villager (Male) |
| 2:23 | Create | Villager (Male) |
| 2:52 | Create | Villager (Male) |
| 2:52 | Create | Villager (Male) |
| 2:55 | Create | Villager (Male) |
| 3:46 | Create | Villager (Male) |
| 3:46 | Create | Villager (Male) |
| 3:46 | Create | Villager (Male) |
| 3:46 | Create | Villager (Male) |
| 3:52 | Build | House |
| 4:16 | Build | House |
| 4:28 | Create | Villager (Male) |
| 4:29 | Create | Villager (Male) |
| 4:44 | Create | Villager (Male) |
| 5:05 | Build | Mill |
| 5:24 | Create | Villager (Male) |
| 5:35 | Build | Palisade Gate |
| 5:48 | Build | Palisade Gate |
| 5:55 | Build | Palisade Gate |
| 5:55 | Create | Villager (Male) |
| 6:02 | Build | Palisade Wall |
| 6:15 | Build | Palisade Wall |
| 6:17 | Create | Villager (Male) |
| 6:37 | Create | Villager (Male) |
| 7:02 | Build | Farm |
| 7:10 | Create | Villager (Male) |
| 7:14 | Build | House |
| 7:43 | Build | Mining Camp |
| 7:51 | Create | Villager (Male) |
| 8:20 | Research | Feudal Age |
| 8:20 | Research | Feudal Age |
| 9:37 | Create | Villager (Male) |
| 10:32 | Age | Feudal Age |
| 10:34 | Build | Blacksmith |
| 10:36 | Build | Market |
| 10:36 | Create | Villager (Male) |
| 11:24 | Research | Castle Age |
| 11:24 | Research | Castle Age |
| 11:37 | Research | Double-Bit Axe |
| 11:37 | Research | Double-Bit Axe |
| 12:06 | Research | Horse Collar |
| 12:06 | Research | Horse Collar |
| 12:18 | Build | Farm |
| 12:20 | Build | Farm |
| 12:23 | Build | Farm |
| 13:05 | Build | House |
| 13:38 | Build | House |
| 13:47 | Create | Villager (Male) |
| 14:04 | Age | Castle Age |
| 14:08 | Build | Town Center |
| 14:09 | Create | Villager (Male) |
| 14:11 | Build | Town Center |
| 14:16 | Research | Bow Saw |
| 14:24 | Research | Heavy Plow |
| 14:26 | Create | Villager (Male) |
| 14:48 | Create | Villager (Male) |
| 14:52 | Build | Farm |
| 14:54 | Build | Farm |
| 14:57 | Create | Villager (Male) |
| 15:21 | Create | Villager (Male) |
| 15:22 | Build | Farm |
| 15:31 | Create | Villager (Male) |
| 15:32 | Build | Farm |
| 15:36 | Create | Villager (Male) |
| 15:43 | Build | Farm |
| 15:47 | Create | Villager (Male) |
| 15:47 | Create | Villager (Male) |
| 15:52 | Build | Farm |
| 15:59 | Create | Villager (Male) |
| 16:01 | Build | Farm |
| 16:05 | Create | Villager (Male) |
| 16:06 | Create | Villager (Male) |
| 16:10 | Build | Farm |
| 16:17 | Create | Villager (Male) |
| 16:17 | Create | Villager (Male) |
| 16:18 | Build | Farm |
| 16:25 | Build | Farm |
| 16:26 | Build | Farm |
| 16:26 | Build | Farm |
| 16:34 | Build | Farm |
| 16:39 | Build | Farm |
| 16:39 | Create | Villager (Male) |
| 16:39 | Create | Villager (Male) |
| 16:45 | Create | Villager (Male) |
| 16:49 | Build | Farm |
| 16:52 | Build | Farm |
| 16:58 | Create | Villager (Male) |
| 16:58 | Create | Villager (Male) |
| 17:03 | Build | Farm |
| 17:10 | Create | Villager (Male) |
| 17:10 | Create | Villager (Male) |
| 17:15 | Build | Farm |
| 17:19 | Create | Villager (Male) |
| 17:24 | Build | Farm |
| 17:28 | Create | Villager (Male) |
| 17:36 | Build | Farm |
| 17:37 | Create | Villager (Male) |
| 17:37 | Create | Villager (Male) |
| 17:42 | Build | House |
| 17:45 | Create | Villager (Male) |
| 17:45 | Create | Villager (Male) |
| 17:54 | Build | Farm |
| 17:54 | Create | Villager (Male) |
| 18:00 | Create | Villager (Male) |
| 18:00 | Create | Villager (Male) |
| 18:00 | Create | Villager (Male) |
| 18:10 | Build | Town Center |
| 18:14 | Create | Villager (Male) |
| 18:14 | Create | Villager (Male) |
| 18:23 | Build | House |
| 18:27 | Build | House |
| 18:28 | Create | Villager (Male) |
| 18:28 | Create | Villager (Male) |
| 18:30 | Build | House |
| 18:31 | Build | House |
| 18:33 | Build | Farm |
| 18:38 | Create | Villager (Male) |
| 18:39 | Build | Farm |
| 18:40 | Build | Farm |
| 18:41 | Build | Farm |
| 18:42 | Create | Villager (Male) |
| 18:56 | Create | Villager (Male) |
| 18:57 | Build | Farm |
| 18:59 | Research | Gold Mining |
| 19:02 | Build | House |
| 19:03 | Build | House |
| 19:05 | Create | Villager (Male) |
| 19:05 | Create | Villager (Male) |
| 19:13 | Build | Farm |
| 19:15 | Create | Villager (Male) |
| 19:18 | Create | Villager (Male) |
| 19:18 | Create | Villager (Male) |
| 19:25 | Build | Farm |
| 19:26 | Create | Villager (Male) |
| 19:26 | Create | Villager (Male) |
| 19:30 | Create | Villager (Male) |
| 19:30 | Create | Villager (Male) |
| 19:35 | Build | Farm |
| 19:35 | Build | Farm |
| 19:35 | Build | Farm |
| 19:35 | Build | Farm |
Build order — Nick
First 150 of 357 actions detected
| 0:00 | Create | Villager (Male) |
| 0:01 | Create | Villager (Male) |
| 0:05 | Research | Loom |
| 0:06 | Build | House |
| 0:12 | Build | House |
| 0:20 | Create | Villager (Male) |
| 0:20 | Create | Villager (Male) |
| 0:21 | Create | Villager (Male) |
| 0:21 | Create | Villager (Male) |
| 1:39 | Create | Villager (Male) |
| 1:39 | Create | Villager (Male) |
| 2:07 | Create | Villager (Male) |
| 2:08 | Create | Villager (Male) |
| 2:09 | Create | Villager (Male) |
| 2:09 | Create | Villager (Male) |
| 2:32 | Build | Lumber Camp |
| 2:44 | Create | Villager (Male) |
| 2:44 | Create | Villager (Male) |
| 3:12 | Create | Villager (Male) |
| 3:13 | Create | Villager (Male) |
| 3:22 | Create | Villager (Male) |
| 3:22 | Create | Villager (Male) |
| 3:47 | Create | Villager (Male) |
| 3:47 | Create | Villager (Male) |
| 3:50 | Build | House |
| 4:16 | Create | Villager (Male) |
| 4:16 | Create | Villager (Male) |
| 4:30 | Build | Mill |
| 4:32 | Create | Villager (Male) |
| 4:32 | Create | Villager (Male) |
| 4:57 | Create | Villager (Male) |
| 4:58 | Create | Villager (Male) |
| 5:26 | Build | House |
| 5:31 | Create | Villager (Male) |
| 5:31 | Create | Villager (Male) |
| 6:02 | Create | Villager (Male) |
| 6:02 | Create | Villager (Male) |
| 6:11 | Create | Villager (Male) |
| 6:12 | Create | Villager (Male) |
| 6:47 | Create | Villager (Male) |
| 6:47 | Create | Villager (Male) |
| 7:06 | Create | Villager (Male) |
| 7:07 | Create | Villager (Male) |
| 7:07 | Create | Villager (Male) |
| 7:18 | Create | Villager (Male) |
| 7:39 | Build | House |
| 7:40 | Create | Villager (Male) |
| 7:41 | Create | Villager (Male) |
| 7:41 | Create | Villager (Male) |
| 7:41 | Create | Villager (Male) |
| 8:00 | Create | Villager (Male) |
| 8:23 | Create | Villager (Male) |
| 8:23 | Create | Villager (Male) |
| 8:42 | Build | Mill |
| 9:33 | Research | Feudal Age |
| 9:33 | Research | Feudal Age |
| 9:41 | Create | Villager (Male) |
| 9:41 | Create | Villager (Male) |
| 10:41 | Build | Farm |
| 10:57 | Build | Mining Camp |
| 11:54 | Age | Feudal Age |
| 11:59 | Build | Market |
| 12:02 | Build | Blacksmith |
| 12:10 | Research | Double-Bit Axe |
| 12:11 | Research | Horse Collar |
| 12:53 | Research | Castle Age |
| 12:53 | Research | Castle Age |
| 14:29 | Build | Farm |
| 14:31 | Build | Farm |
| 14:35 | Create | Villager (Male) |
| 15:18 | Build | House |
| 15:22 | Build | Farm |
| 15:33 | Age | Castle Age |
| 15:34 | Build | Town Center |
| 15:39 | Build | Town Center |
| 15:45 | Research | Bow Saw |
| 15:47 | Research | Heavy Plow |
| 16:08 | Create | Villager (Male) |
| 16:13 | Build | Farm |
| 16:16 | Build | Farm |
| 16:17 | Build | Farm |
| 16:18 | Build | Farm |
| 16:21 | Create | Villager (Male) |
| 16:27 | Create | Villager (Male) |
| 16:33 | Build | Farm |
| 16:36 | Create | Villager (Male) |
| 16:45 | Create | Villager (Male) |
| 16:45 | Create | Villager (Male) |
| 16:47 | Build | Farm |
| 16:50 | Create | Villager (Male) |
| 16:50 | Create | Villager (Male) |
| 16:59 | Build | Farm |
| 17:07 | Build | Farm |
| 17:10 | Build | Farm |
| 17:11 | Create | Villager (Male) |
| 17:24 | Build | Farm |
| 17:32 | Build | Farm |
| 17:33 | Create | Villager (Male) |
| 17:33 | Create | Villager (Male) |
| 17:33 | Create | Villager (Male) |
| 17:44 | Build | Farm |
| 17:45 | Create | Villager (Male) |
| 17:45 | Create | Villager (Male) |
| 17:48 | Build | Farm |
| 17:56 | Create | Villager (Male) |
| 18:00 | Create | Villager (Male) |
| 18:00 | Create | Villager (Male) |
| 18:09 | Build | Farm |
| 18:27 | Create | Villager (Male) |
| 18:27 | Create | Villager (Male) |
| 18:28 | Create | Villager (Male) |
| 18:29 | Build | Farm |
| 18:31 | Build | Farm |
| 18:32 | Build | Farm |
| 18:34 | Build | House |
| 18:35 | Build | House |
| 18:36 | Create | Villager (Male) |
| 18:37 | Create | Villager (Male) |
| 18:37 | Create | Villager (Male) |
| 18:39 | Build | Farm |
| 18:41 | Build | Farm |
| 18:48 | Create | Villager (Male) |
| 18:48 | Create | Villager (Male) |
| 19:02 | Create | Villager (Male) |
| 19:02 | Create | Villager (Male) |
| 19:12 | Build | Farm |
| 19:13 | Create | Villager (Male) |
| 19:13 | Create | Villager (Male) |
| 19:17 | Build | House |
| 19:18 | Build | House |
| 19:26 | Build | House |
| 19:26 | Build | House |
| 19:27 | Build | House |
| 19:31 | Create | Villager (Male) |
| 19:34 | Build | Farm |
| 19:35 | Create | Villager (Male) |
| 19:35 | Create | Villager (Male) |
| 19:45 | Create | Villager (Male) |
| 19:45 | Create | Villager (Male) |
| 19:58 | Build | Farm |
| 20:01 | Create | Villager (Male) |
| 20:01 | Create | Villager (Male) |
| 20:06 | Create | Villager (Male) |
| 20:13 | Build | House |
| 20:15 | Create | Villager (Male) |
| 20:23 | Create | Villager (Male) |
| 20:23 | Create | Villager (Male) |
| 20:31 | Build | Farm |
| 20:32 | Build | Farm |
| 20:36 | Build | Farm |
Build order — Hellsum
First 150 of 299 actions detected
| 0:01 | Create | Villager (Male) |
| 0:01 | Create | Villager (Male) |
| 0:01 | Create | Villager (Male) |
| 0:03 | Build | House |
| 0:04 | Build | House |
| 0:07 | Create | Villager (Male) |
| 0:07 | Create | Villager (Male) |
| 0:26 | Build | Mill |
| 1:37 | Create | Villager (Male) |
| 1:38 | Create | Villager (Male) |
| 2:00 | Create | Villager (Male) |
| 2:00 | Create | Villager (Male) |
| 2:19 | Create | Villager (Male) |
| 2:19 | Create | Villager (Male) |
| 2:28 | Create | Villager (Male) |
| 2:29 | Create | Villager (Male) |
| 2:56 | Create | Villager (Male) |
| 2:56 | Create | Villager (Male) |
| 3:00 | Build | House |
| 3:17 | Create | Villager (Male) |
| 3:17 | Create | Villager (Male) |
| 3:44 | Create | Villager (Male) |
| 3:44 | Create | Villager (Male) |
| 4:13 | Build | Lumber Camp |
| 4:22 | Create | Villager (Male) |
| 4:22 | Create | Villager (Male) |
| 4:43 | Create | Villager (Male) |
| 5:20 | Create | Villager (Male) |
| 5:53 | Create | Villager (Male) |
| 5:53 | Create | Villager (Male) |
| 5:54 | Create | Villager (Male) |
| 6:01 | Build | House |
| 6:06 | Create | Villager (Male) |
| 6:06 | Create | Villager (Male) |
| 6:07 | Create | Villager (Male) |
| 6:18 | Create | Villager (Male) |
| 7:17 | Create | Villager (Male) |
| 7:18 | Create | Villager (Male) |
| 8:05 | Build | Mining Camp |
| 8:13 | Research | Feudal Age |
| 9:13 | Build | Lumber Camp |
| 10:01 | Build | House |
| 10:07 | Create | Villager (Male) |
| 10:14 | Create | Villager (Male) |
| 10:31 | Age | Feudal Age |
| 10:34 | Build | Blacksmith |
| 10:35 | Build | Market |
| 11:11 | Build | Barracks |
| 11:23 | Research | Castle Age |
| 11:23 | Research | Castle Age |
| 11:50 | Research | Double-Bit Axe |
| 11:51 | Research | Double-Bit Axe |
| 11:51 | Research | Double-Bit Axe |
| 12:09 | Build | Stable |
| 12:46 | Research | Horse Collar |
| 12:47 | Research | Horse Collar |
| 12:47 | Research | Horse Collar |
| 13:00 | Build | House |
| 13:04 | Create | Scout Cavalry |
| 13:23 | Create | Villager (Male) |
| 13:23 | Create | Villager (Male) |
| 13:31 | Build | House |
| 13:46 | Create | Scout Cavalry |
| 14:03 | Age | Castle Age |
| 14:05 | Build | Monastery |
| 14:07 | Research | Bow Saw |
| 14:08 | Research | Bow Saw |
| 14:26 | Create | Scout Cavalry |
| 14:39 | Build | Town Center |
| 14:43 | Create | Monk |
| 14:43 | Create | Monk |
| 14:54 | Create | Villager (Male) |
| 15:03 | Build | Farm |
| 15:11 | Create | Villager (Male) |
| 15:26 | Create | Monk |
| 15:52 | Create | Villager (Male) |
| 15:52 | Create | Villager (Male) |
| 15:52 | Create | Villager (Male) |
| 15:53 | Create | Villager (Male) |
| 15:56 | Create | Villager (Male) |
| 15:56 | Create | Villager (Male) |
| 15:58 | Build | Farm |
| 15:59 | Build | Farm |
| 16:01 | Build | Farm |
| 16:11 | Create | Villager (Male) |
| 16:11 | Create | Villager (Male) |
| 16:22 | Build | Farm |
| 16:23 | Build | Farm |
| 16:46 | Create | Monk |
| 17:00 | Create | Villager (Male) |
| 17:01 | Create | Villager (Male) |
| 17:01 | Create | Villager (Male) |
| 17:05 | Build | Farm |
| 17:06 | Build | Farm |
| 17:07 | Build | Farm |
| 17:07 | Build | Farm |
| 18:28 | Create | Villager (Male) |
| 18:29 | Create | Villager (Male) |
| 18:32 | Research | Heavy Plow |
| 18:33 | Research | Heavy Plow |
| 18:35 | Build | Town Center |
| 18:40 | Build | Farm |
| 18:46 | Build | Mining Camp |
| 18:48 | Build | House |
| 18:49 | Build | House |
| 18:49 | Build | House |
| 19:03 | Create | Villager (Male) |
| 19:03 | Create | Villager (Male) |
| 19:04 | Create | Villager (Male) |
| 19:15 | Build | Farm |
| 19:16 | Build | Farm |
| 19:20 | Build | Farm |
| 19:21 | Create | Villager (Male) |
| 19:22 | Create | Villager (Male) |
| 19:39 | Build | House |
| 19:45 | Create | Villager (Male) |
| 20:03 | Create | Villager (Male) |
| 20:03 | Create | Villager (Male) |
| 20:15 | Create | Scout Cavalry |
| 20:24 | Create | Villager (Male) |
| 20:25 | Create | Villager (Male) |
| 20:29 | Build | Farm |
| 20:32 | Build | Farm |
| 20:32 | Build | Farm |
| 20:32 | Build | Farm |
| 20:33 | Build | Farm |
| 20:33 | Build | Farm |
| 20:33 | Build | Farm |
| 20:36 | Create | Villager (Male) |
| 20:36 | Create | Villager (Male) |
| 20:38 | Build | Farm |
| 20:39 | Build | Farm |
| 20:39 | Build | Farm |
| 20:39 | Build | Farm |
| 21:01 | Create | Villager (Male) |
| 21:02 | Create | Villager (Male) |
| 21:13 | Create | Villager (Male) |
| 21:14 | Create | Villager (Male) |
| 21:18 | Create | Villager (Male) |
| 21:18 | Create | Villager (Male) |
| 21:22 | Build | Farm |
| 21:22 | Build | Farm |
| 21:22 | Build | Farm |
| 21:22 | Build | Farm |
| 21:23 | Build | Farm |
| 21:23 | Build | Farm |
| 21:30 | Build | Lumber Camp |
| 21:50 | Create | Villager (Male) |
| 21:50 | Create | Villager (Male) |
| 21:50 | Create | Villager (Male) |
Build order — Fresh To Death
First 150 of 315 actions detected
| 0:02 | Create | Villager (Male) |
| 0:03 | Build | House |
| 0:04 | Build | House |
| 0:06 | Build | House |
| 0:13 | Create | Villager (Male) |
| 0:13 | Create | Villager (Male) |
| 0:20 | Create | Villager (Male) |
| 0:20 | Create | Villager (Male) |
| 1:30 | Create | Villager (Male) |
| 1:30 | Create | Villager (Male) |
| 1:51 | Create | Villager (Male) |
| 2:26 | Create | Villager (Male) |
| 2:26 | Create | Villager (Male) |
| 2:54 | Create | Villager (Male) |
| 2:54 | Create | Villager (Male) |
| 3:06 | Create | Villager (Male) |
| 3:13 | Build | House |
| 3:36 | Build | Palisade Wall |
| 3:57 | Create | Villager (Male) |
| 3:57 | Create | Villager (Male) |
| 3:57 | Create | Villager (Male) |
| 4:04 | Build | Palisade Wall |
| 4:19 | Build | Palisade Wall |
| 4:24 | Create | Villager (Male) |
| 4:25 | Create | Villager (Male) |
| 4:47 | Build | Mill |
| 4:52 | Build | Mill |
| 5:00 | Create | Villager (Male) |
| 5:20 | Build | House |
| 5:35 | Create | Villager (Male) |
| 5:36 | Create | Villager (Male) |
| 6:26 | Create | Villager (Male) |
| 6:37 | Build | Farm |
| 6:37 | Build | Farm |
| 6:45 | Create | Villager (Male) |
| 7:18 | Create | Villager (Male) |
| 7:32 | Create | Villager (Male) |
| 7:47 | Build | Mule Cart |
| 8:08 | Research | Feudal Age |
| 8:08 | Research | Feudal Age |
| 10:05 | Create | Villager (Male) |
| 10:06 | Create | Villager (Male) |
| 10:19 | Age | Feudal Age |
| 10:23 | Build | Market |
| 10:25 | Build | Blacksmith |
| 11:12 | Research | Castle Age |
| 11:12 | Research | Castle Age |
| 11:30 | Research | Double-Bit Axe |
| 11:30 | Research | Double-Bit Axe |
| 13:00 | Create | Villager (Male) |
| 13:05 | Build | House |
| 13:52 | Age | Castle Age |
| 13:55 | Build | Siege Workshop |
| 13:55 | Create | Villager (Male) |
| 13:59 | Build | Town Center |
| 14:04 | Research | Bow Saw |
| 14:05 | Create | Villager (Male) |
| 14:29 | Create | Villager (Male) |
| 14:36 | Create | Mangonel |
| 14:47 | Build | House |
| 14:51 | Create | Villager (Male) |
| 15:06 | Create | Villager (Male) |
| 15:27 | Research | Horse Collar |
| 15:39 | Create | Villager (Male) |
| 16:02 | Create | Villager (Male) |
| 16:03 | Build | Farm |
| 16:04 | Build | Farm |
| 16:08 | Create | Villager (Male) |
| 16:11 | Build | Farm |
| 16:13 | Build | Farm |
| 16:16 | Create | Villager (Male) |
| 16:32 | Create | Villager (Male) |
| 16:38 | Build | Farm |
| 16:40 | Build | Farm |
| 16:41 | Build | Farm |
| 16:45 | Build | Farm |
| 16:52 | Build | House |
| 16:53 | Create | Villager (Male) |
| 16:59 | Create | Villager (Male) |
| 17:07 | Create | Villager (Male) |
| 17:09 | Build | Farm |
| 17:17 | Build | Farm |
| 17:21 | Build | Farm |
| 17:25 | Create | Villager (Male) |
| 17:38 | Build | Farm |
| 17:39 | Create | Villager (Male) |
| 17:49 | Create | Villager (Male) |
| 17:53 | Build | Farm |
| 17:58 | Build | House |
| 17:59 | Create | Villager (Male) |
| 18:10 | Build | Town Center |
| 18:15 | Create | Villager (Male) |
| 18:24 | Create | Villager (Male) |
| 18:31 | Build | Farm |
| 18:33 | Build | Farm |
| 18:35 | Build | Farm |
| 18:36 | Create | Villager (Male) |
| 18:40 | Build | House |
| 18:41 | Create | Villager (Male) |
| 18:44 | Build | Farm |
| 19:00 | Create | Villager (Male) |
| 19:02 | Build | Farm |
| 19:04 | Build | Farm |
| 19:09 | Build | House |
| 19:16 | Create | Villager (Male) |
| 19:26 | Research | Heavy Plow |
| 19:26 | Research | Heavy Plow |
| 19:28 | Create | Villager (Male) |
| 19:30 | Build | Farm |
| 19:30 | Build | Farm |
| 19:34 | Build | Farm |
| 19:41 | Build | Farm |
| 19:43 | Create | Villager (Male) |
| 19:55 | Research | Wheelbarrow |
| 19:56 | Create | Villager (Male) |
| 19:58 | Build | Farm |
| 19:58 | Create | Villager (Male) |
| 20:02 | Build | Farm |
| 20:05 | Create | Villager (Male) |
| 20:13 | Create | Villager (Male) |
| 20:19 | Build | Monastery |
| 20:23 | Create | Villager (Male) |
| 20:29 | Build | Farm |
| 20:30 | Build | Farm |
| 20:33 | Create | Villager (Male) |
| 20:45 | Create | Villager (Male) |
| 20:46 | Create | Villager (Male) |
| 20:49 | Build | Farm |
| 20:54 | Build | Mule Cart |
| 20:58 | Create | Villager (Male) |
| 21:07 | Build | House |
| 21:08 | Build | House |
| 21:09 | Create | Villager (Male) |
| 21:30 | Build | Farm |
| 21:30 | Create | Villager (Male) |
| 21:38 | Create | Villager (Male) |
| 21:41 | Build | Monastery |
| 21:46 | Create | Villager (Male) |
| 21:55 | Build | Farm |
| 21:56 | Build | Farm |
| 21:58 | Build | Farm |
| 22:03 | Build | Farm |
| 22:05 | Create | Villager (Male) |
| 22:05 | Create | Villager (Male) |
| 22:05 | Create | Villager (Male) |
| 22:11 | Build | Mule Cart |
| 22:19 | Create | Villager (Male) |
| 22:25 | Research | Gold Mining |
| 22:25 | Research | Gold Mining |
| 22:30 | Create | Villager (Male) |
Build order — 天崩地裂
First 150 of 386 actions detected
| 0:06 | Build | House |
| 0:06 | Create | Villager (Male) |
| 0:08 | Build | House |
| 0:09 | Create | Villager (Male) |
| 0:10 | Create | Villager (Male) |
| 0:11 | Create | Villager (Male) |
| 0:11 | Create | Villager (Male) |
| 1:27 | Create | Villager (Male) |
| 1:28 | Create | Villager (Male) |
| 1:47 | Build | Lumber Camp |
| 1:51 | Create | Villager (Male) |
| 2:10 | Build | House |
| 2:10 | Build | House |
| 2:27 | Create | Villager (Male) |
| 2:57 | Create | Villager (Male) |
| 2:57 | Create | Villager (Male) |
| 3:34 | Create | Villager (Male) |
| 4:10 | Build | Mill |
| 4:12 | Create | Villager (Male) |
| 4:13 | Create | Villager (Male) |
| 4:26 | Create | Villager (Male) |
| 5:02 | Create | Villager (Male) |
| 5:03 | Create | Villager (Male) |
| 5:20 | Create | Villager (Male) |
| 5:21 | Create | Villager (Male) |
| 5:32 | Build | Farm |
| 5:36 | Build | Farm |
| 5:48 | Create | Villager (Male) |
| 5:58 | Build | Farm |
| 6:00 | Create | Villager (Male) |
| 6:28 | Create | Villager (Male) |
| 7:55 | Build | Mining Camp |
| 7:56 | Research | Feudal Age |
| 7:57 | Research | Feudal Age |
| 8:26 | Build | Mill |
| 8:40 | Create | Villager (Male) |
| 8:45 | Build | House |
| 9:02 | Create | Villager (Male) |
| 9:25 | Create | Villager (Male) |
| 10:06 | Age | Feudal Age |
| 10:09 | Build | Market |
| 10:59 | Build | Blacksmith |
| 11:10 | Create | Villager (Male) |
| 11:39 | Research | Castle Age |
| 11:40 | Research | Castle Age |
| 11:40 | Research | Castle Age |
| 12:15 | Research | Double-Bit Axe |
| 12:15 | Research | Double-Bit Axe |
| 12:50 | Create | Villager (Male) |
| 13:04 | Build | House |
| 13:38 | Build | House |
| 13:46 | Create | Villager (Male) |
| 14:05 | Age | Castle Age |
| 14:07 | Build | Monastery |
| 14:13 | Build | Town Center |
| 14:20 | Create | Villager (Male) |
| 14:28 | Build | Farm |
| 14:29 | Build | Farm |
| 14:30 | Create | Villager (Male) |
| 14:33 | Research | Bow Saw |
| 14:40 | Create | Monk |
| 14:42 | Create | Monk |
| 14:50 | Create | Villager (Male) |
| 14:58 | Create | Villager (Male) |
| 15:12 | Create | Monk |
| 15:38 | Build | Town Center |
| 15:40 | Create | Villager (Male) |
| 15:42 | Build | Farm |
| 15:44 | Create | Villager (Male) |
| 15:44 | Create | Villager (Male) |
| 15:44 | Create | Villager (Male) |
| 15:44 | Create | Villager (Male) |
| 15:54 | Build | Farm |
| 16:16 | Build | Farm |
| 16:20 | Build | Farm |
| 16:34 | Create | Villager (Male) |
| 16:37 | Build | Farm |
| 16:38 | Build | Farm |
| 16:39 | Create | Villager (Male) |
| 16:39 | Create | Villager (Male) |
| 16:42 | Build | Farm |
| 16:44 | Build | Farm |
| 16:56 | Create | Villager (Male) |
| 16:58 | Build | Farm |
| 17:04 | Build | Farm |
| 17:07 | Create | Monk |
| 17:11 | Create | Villager (Male) |
| 17:15 | Build | Lumber Camp |
| 17:26 | Build | Farm |
| 17:30 | Create | Villager (Male) |
| 17:38 | Build | Farm |
| 17:41 | Research | Horse Collar |
| 17:41 | Research | Horse Collar |
| 18:08 | Create | Villager (Male) |
| 18:08 | Create | Villager (Male) |
| 18:10 | Build | Farm |
| 18:13 | Build | Farm |
| 18:15 | Create | Villager (Male) |
| 18:26 | Build | Farm |
| 18:27 | Build | Farm |
| 18:29 | Create | Villager (Male) |
| 18:29 | Create | Villager (Male) |
| 18:31 | Create | Villager (Male) |
| 18:31 | Create | Villager (Male) |
| 18:37 | Build | House |
| 18:38 | Build | House |
| 18:52 | Research | Wheelbarrow |
| 18:52 | Research | Wheelbarrow |
| 18:52 | Research | Wheelbarrow |
| 19:10 | Create | Villager (Male) |
| 19:10 | Create | Villager (Male) |
| 19:16 | Build | Farm |
| 19:18 | Build | Farm |
| 19:22 | Build | Farm |
| 19:36 | Create | Villager (Male) |
| 19:37 | Create | Villager (Male) |
| 19:37 | Create | Villager (Male) |
| 19:38 | Create | Villager (Male) |
| 19:40 | Create | Villager (Male) |
| 19:45 | Build | Farm |
| 19:46 | Build | Farm |
| 19:48 | Build | Farm |
| 19:50 | Build | Farm |
| 19:54 | Create | Villager (Male) |
| 19:58 | Build | House |
| 19:59 | Build | House |
| 20:01 | Build | Farm |
| 20:06 | Build | Farm |
| 20:11 | Create | Villager (Male) |
| 20:12 | Create | Villager (Male) |
| 20:12 | Create | Villager (Male) |
| 20:19 | Create | Villager (Male) |
| 20:24 | Build | Town Center |
| 20:40 | Create | Monk |
| 20:41 | Create | Villager (Male) |
| 20:41 | Create | Villager (Male) |
| 20:41 | Create | Villager (Male) |
| 20:43 | Build | Farm |
| 20:45 | Build | Farm |
| 20:46 | Create | Villager (Male) |
| 20:47 | Create | Villager (Male) |
| 20:55 | Build | House |
| 20:57 | Build | House |
| 21:11 | Create | Villager (Male) |
| 21:12 | Create | Villager (Male) |
| 21:14 | Build | Farm |
| 21:16 | Create | Villager (Male) |
| 21:17 | Build | Farm |
| 21:20 | Build | Lumber Camp |
| 21:22 | Build | Farm |
Match timeline
| 3:36 | Fresh To Death · wall_segment Palisade Wall x5 |
| 4:04 | Fresh To Death · wall_segment Palisade Wall x2 |
| 4:19 | Jan Itor · wall_segment Palisade Wall x1 |
| 4:19 | Fresh To Death · wall_segment Palisade Wall x5 |
| 4:21 | Jan Itor · wall_segment Palisade Wall x1 |
| 4:23 | Jan Itor · wall_segment Palisade Wall x1 |
| 4:23 | Jan Itor · wall_segment Palisade Wall x1 |
| 4:28 | Jan Itor · wall_segment Palisade Wall x1 |
| 4:29 | Jan Itor · wall_segment Palisade Wall x1 |
| 4:34 | Jan Itor · wall_segment Palisade Wall x1 |
| 4:37 | Jan Itor · wall_segment Palisade Wall x1 |
| 4:40 | Jan Itor · wall_segment Palisade Wall x1 |
| 4:42 | Jan Itor · wall_segment Palisade Wall x1 |
| 4:45 | Jan Itor · wall_segment Palisade Wall x1 |
| 4:50 | Jan Itor · wall_segment Palisade Wall x1 |
| 4:53 | Jan Itor · wall_segment Palisade Wall x1 |
| 4:58 | Jan Itor · wall_segment Palisade Wall x1 |
| 5:06 | Jan Itor · wall_segment Palisade Wall x1 |
| 6:02 | TeTo · wall_segment Palisade Wall x1 |
| 6:15 | TeTo · wall_segment Palisade Wall x1 |
| 10:06 | 天崩地裂 · age_up feudal |
| 10:19 | Fresh To Death · age_up feudal |
| 10:31 | Jan Itor · age_up feudal |
| 10:31 | Hellsum · age_up feudal |
| 10:32 | TeTo · age_up feudal |
| 10:32 | 让让萌新 · age_up feudal |
| 10:56 | PUB | Noszombie · age_up feudal |
| 11:11 | Hellsum · first_building Barracks |
| 11:54 | Nick · age_up feudal |
| 12:09 | Hellsum · first_building Stable |
| 13:38 | Jan Itor · first_market_buy 100 wood |
| 13:52 | Fresh To Death · age_up castle |
| 13:55 | Fresh To Death · first_building Siege Workshop |
| 14:01 | Jan Itor · age_up castle |
| 14:03 | Hellsum · age_up castle |
| 14:04 | TeTo · age_up castle |
| 14:05 | Hellsum · first_building Monastery |
| 14:05 | 天崩地裂 · age_up castle |
| 14:06 | 让让萌新 · age_up castle |
| 14:07 | 天崩地裂 · first_building Monastery |
| 14:15 | 让让萌新 · first_building Castle |
| 14:22 | TeTo · first_market_buy 100 food |
| 14:29 | PUB | Noszombie · age_up castle |
| 15:23 | PUB | Noszombie · first_market_buy 100 wood |
| 15:33 | Nick · age_up castle |
| 16:57 | Fresh To Death · first_market_buy 100 food |
| 17:23 | PUB | Noszombie · first_building Monastery |
| 18:46 | 天崩地裂 · first_market_buy 100 food |
| 19:50 | Jan Itor · first_building Monastery |
| 20:19 | Fresh To Death · first_building Monastery |
| 21:17 | Hellsum · first_market_buy 100 food |
| 21:38 | Jan Itor · first_building Barracks |
| 22:40 | TeTo · first_building Siege Workshop |
| 22:42 | Jan Itor · first_building Archery Range |
| 22:54 | PUB | Noszombie · wall_segment Palisade Wall x1 |
| 23:17 | TeTo · first_building Monastery |
| 23:28 | Hellsum · first_building Archery Range |
| 23:49 | Nick · first_building Castle |
| 24:02 | Nick · wall_segment Stone Wall x1 |
| 24:04 | Nick · wall_segment Stone Wall x1 |
| 24:17 | 天崩地裂 · first_market_sell 500 wood |
| 24:22 | TeTo · first_market_sell 100 wood |
| 24:41 | Nick · first_building Siege Workshop |
| 24:42 | Jan Itor · first_market_sell 100 food |
| 24:51 | Nick · first_building Barracks |
| 24:53 | Jan Itor · first_building Castle |
| 25:02 | TeTo · first_building Barracks |
| 25:07 | Fresh To Death · first_market_sell 100 food |
| 25:17 | Fresh To Death · first_building Barracks |
| 25:27 | 天崩地裂 · first_building Barracks |
| 25:37 | Nick · first_market_buy 100 stone |
| 25:38 | Nick · first_market_sell 100 wood |
| 25:44 | Jan Itor · age_up imperial |
| 26:07 | 天崩地裂 · first_building Stable |
| 26:28 | PUB | Noszombie · first_building Castle |
| 26:35 | Fresh To Death · first_building Castle |
| 26:39 | PUB | Noszombie · first_building Barracks |
| 26:44 | Nick · first_building Archery Range |
| 26:59 | 让让萌新 · first_market_buy 100 food |
| 27:04 | 让让萌新 · first_market_sell 500 stone |
| 27:07 | 天崩地裂 · first_building Castle |
| 27:19 | Nick · wall_segment Stone Wall x9 |
| 27:20 | 天崩地裂 · age_up imperial |
| 27:29 | PUB | Noszombie · first_building Siege Workshop |
| 27:45 | TeTo · age_up imperial |
| 27:46 | PUB | Noszombie · first_building Stable |
| 28:19 | Nick · wall_segment Stone Wall x6 |
| 28:20 | PUB | Noszombie · age_up imperial |
| 28:21 | Fresh To Death · age_up imperial |
| 28:27 | Hellsum · first_market_sell 100 food |
| 28:40 | Hellsum · first_building Castle |
| 28:41 | TeTo · first_building Castle |
| 28:47 | Hellsum · age_up imperial |
| 29:29 | Nick · wall_segment Stone Wall x3 |
| 29:50 | Nick · wall_segment Stone Wall x5 |
| 29:51 | Nick · age_up imperial |
| 30:32 | 让让萌新 · age_up imperial |
| 30:53 | PUB | Noszombie · first_market_sell 100 food |
| 31:28 | Nick · wall_segment Stone Wall x2 |
| 31:30 | Nick · wall_segment Stone Wall x1 |
| 32:44 | PUB | Noszombie · first_building Archery Range |
| 33:32 | 天崩地裂 · resign |
[ AI ANALYSIS · 1 CREDIT ]
What really happened in this match?
Wolo.gg analyzes every decision: build order, eco, micro, common mistakes by bracket. Personalized analysis on WhatsApp or Discord in 30 seconds.
Civ guide
Mongols
Perfil
Jugador #6910726